AoeStats
← istorm

African Clearing

504887613Analyzed
4v4 RM · 24d ago on Sep 6, 2026· 52m 50s· 8 players
Game mode
Random Map
Map size
Large (8 player)
Population
200
Speed
Normal
Resources
Standard
Victory
Conquest
Starting age
Dark Age
Ending age
Imperial Age
RankedLock teamsTeams togetherTeam positionsShared explorationLock speedFull tech treeHidden civsTurbo modeCheats
Victory
Defeat
🇲🇽 Japanese · Mexico
1490
+18
🇦🇷 Malay · Argentina
1483
+18
🇸🇻 Bulgarians · El Salvador
1479
+18
🇮🇳 Berbers · India
1470
+18
🇲🇽 Shu · Mexico
1817
-28
🇲🇽 Goths · Mexico
1535
-19
🇲🇽 Tatars · Mexico
1395
-13
1376
-12
__wArDadDy
5:04 Loom
14:14 Feudal Age
15:32 Double-Bit Axe
18:05 Castle Age
17:47 Horse Collar
19:12 Fletching
19:45 Bodkin Arrow
23:56 Bow Saw
24:37 Padded Archer Armor
26:33 Wheelbarrow
25:57 Town Watch
28:41 Ballistics
31:22 Gold Mining
31:22 Stone Mining
36:53 Imperial Age
35:08 Gold Shaft Mining
36:12 Bloodlines
36:02 Husbandry
36:30 Leather Archer Armor
38:11 Conscription
37:12 Elite Camel Archer
39:22 Chemistry
38:24 Bracer
40:14 Ring Archer Armor
40:55 Scale Barding Armor
41:00 Forging
41:29 Thumb Ring
41:59 Chain Barding Armor
41:14 Cavalier
43:35 Plate Barding Armor
46:29 Stone Shaft Mining
49:32 Heavy Plow
51:45 Crop Rotation
RohanAoE
6:09 Loom
15:21 Feudal Age
19:13 Castle Age
17:30 Horse Collar
18:30 Double-Bit Axe
20:08 Scale Barding Armor
21:36 Chain Barding Armor
27:11 Bloodlines
27:36 Town Watch
31:39 Scale Mail Armor
33:47 Wheelbarrow
33:48 Forging
35:13 Husbandry
36:17 Hand Cart
38:07 Chain Mail Armor
38:28 Iron Casting
42:26 Imperial Age
40:07 Heavy Plow
41:36 Bow Saw
41:51 Stirrups
42:29 Squires
42:15 Arson
42:52 Gambesons
43:22 Bagains
43:44 Conscription
43:57 Plate Mail Armor
44:36 Blast Furnace
44:30 Fletching
44:40 Padded Archer Armor
45:45 Bodkin Arrow
47:57 Plate Barding Armor
47:29 Bracer
47:40 Elite Konnik
48:50 Ballistics
50:00 Chemistry
49:53 Leather Archer Armor
50:33 Gold Mining
50:33 Stone Mining
50:46 Town Patrol
Josh
8:37 Loom
14:35 Feudal Age
15:33 Fishing Lines
16:03 Double-Bit Axe
21:24 Castle Age
20:04 Fletching
20:31 Padded Archer Armor
22:25 Bodkin Arrow
22:47 Gillnets
25:18 Bow Saw
26:19 Leather Archer Armor
28:07 Wheelbarrow
29:23 Ballistics
29:57 Horse Collar
33:55 Imperial Age
32:35 Thumb Ring
33:14 Stone Mining
33:14 Gold Mining
35:01 Gold Shaft Mining
35:11 Bracer
36:16 Chemistry
35:31 Guard Tower
36:12 Yasama
37:27 Ring Archer Armor
38:17 Parthian Tactics
38:59 Keep
40:46 Kataparuto
39:50 Elite Genitour
41:05 Heavy Cavalry Archer
43:31 Town Watch
46:41 Conscription
istorm
5:07 Loom
13:37 Feudal Age
13:43 Double-Bit Axe
15:44 Fletching
21:27 Castle Age
20:52 Crossbowman
27:35 Bodkin Arrow
36:29 Wheelbarrow
41:40 Forging
42:50 Horse Collar
43:47 Bow Saw
48:13 Imperial Age
47:26 Iron Casting
47:41 Hand Cart
48:15 Conscription
48:18 Heavy Plow
48:22 Squires
48:08 Arson
48:13 Elite Karambit Warrior
50:35 Crop Rotation
51:56 Blast Furnace
50:48 Town Watch
52:35 Caravan
VL La Parca (Red Paladin)
5:44 Loom
14:19 Feudal Age
15:15 Double-Bit Axe
19:01 Castle Age
17:01 Gold Mining
17:17 Horse Collar
18:40 Stone Mining
20:16 Wheelbarrow
20:19 Bow Saw
21:23 Town Watch
33:06 Hand Cart
34:50 Bloodlines
34:40 Husbandry
36:07 Forging
36:01 Fletching
40:03 Imperial Age
38:01 Bodkin Arrow
38:06 Padded Archer Armor
38:23 Padded Archer Armor
39:10 Scale Barding Armor
39:09 Scale Mail Armor
40:07 Kshatriyas
41:08 Iron Casting
41:07 Fortified Wall
41:58 Chemistry
41:36 Conscription
42:39 Chain Mail Armor
42:41 Leather Archer Armor
41:59 Elite Skirmisher
43:04 Thumb Ring
43:28 Husbandry
43:33 Elite Chakram Thrower
46:47 Town Patrol
46:54 Bracer
47:28 Plate Mail Armor
47:41 Ballistics
47:03 Treadmill Crane
47:33 Masonry
48:12 Siege Elephant
49:31 Chain Barding Armor
49:23 Light Cavalry
51:11 Arson
51:07 Heavy Camel Rider
51:08 Hussar
VL Ferdinand
7:21 Loom
13:33 Feudal Age
17:42 Castle Age
17:34 Fletching
26:43 Bodkin Arrow
29:26 Padded Archer Armor
33:08 Leather Archer Armor
35:18 Gold Mining
35:25 Double-Bit Axe
36:20 Ballistics
41:41 Town Watch
47:00 Treadmill Crane
47:31 Masonry
48:18 Wheelbarrow
51:13 Hand Cart
51:51 Elite Skirmisher
VL Le_Manch
9:53 Loom
12:34 Feudal Age
17:50 Castle Age
18:38 Double-Bit Axe
25:22 Horse Collar
25:58 Bow Saw
28:59 Wheelbarrow
28:58 Heavy Plow
29:31 Scale Mail Armor
29:37 Squires
31:08 Hand Cart
33:33 Chain Mail Armor
37:23 Imperial Age
35:18 Pikeman
36:41 Forging
37:02 Stone Mining
37:03 Gold Mining
37:48 Anarchy
38:27 Perfusion
38:03 Halberdier
39:20 Iron Casting
39:08 Capped Ram
40:26 Man-at-Arms
41:38 Conscription
41:05 Long Swordsman
41:47 Two-Handed Swordsman
44:20 Fletching
45:31 Blast Furnace
45:43 Chemistry
45:06 Ballistics
47:06 Bodkin Arrow
50:09 Crop Rotation
VL Lemoine
9:53 Loom
12:45 Feudal Age
17:13 Castle Age
15:35 Fletching
15:37 Double-Bit Axe
17:28 Town Watch
17:17 Crossbowman
19:25 Ballistics
20:32 Bodkin Arrow
22:21 Bow Saw
22:57 Horse Collar
29:43 Wheelbarrow
34:06 Imperial Age
34:54 Bracer
35:57 Chemistry
35:05 Thumb Ring
34:39 Arbalester
36:36 Padded Archer Armor
37:33 Hand Cart
37:46 Conscription
37:22 Elite Skirmisher
39:27 Two-Man Saw
39:02 Leather Archer Armor
41:50 Bolt Magazine
43:15 Ring Archer Armor
43:16 Murder Holes
43:53 Siege Engineers
50:33 Gold Mining
Connection lost

Rejoining the realm…

Still unreachable

The connection could not be restored.

Session expired

The server has moved on; the page needs a fresh start.